 Dungeon Crawl Stone Soup version 0.18.1-48-g4cf74bf (webtiles) character file.

133 nikopol the Poker (level 4, 0/61 HPs)
             Began as a Minotaur Berserker on Aug 4, 2016.
             Was a Believer of Trog.
             Slain by a sky beast (5 damage)
             ... on level 2 of the Dungeon.
             The game lasted 00:02:43 (1485 turns).

nikopol the Poker (Minotaur Berserker)              Turns: 1485, Time: 00:02:44

Health: 0/61       AC:  2    Str: 26    XL:     4   Next: 94%
Magic:  3/3        EV: 13    Int:  4    God:    Trog [**....]
Gold:   85         SH:  0    Dex: 11    Spells: 0 memorised, 3 levels left

rFire  . . .     SeeInvis .     a - +0 spear
rCold  . . .     Gourm    .     b - +0 animal skin
rNeg   . . .     Faith    .     (no shield)
rPois  .         Spirit   .     (helmet restricted)
rElec  .         Dismiss  .     (no cloak)
rCorr  .         Reflect  .     (no gloves)
SustAt .         Harm     .     (no boots)
MR     .....                    h - amulet of inaccuracy (curse)
Stlth  ..........               (no ring)
                                q - ring of loudness (curse)

@: berserking (expiring), very quick, not resistant to hostile enchantments,
extremely unstealthy
A: retaliatory headbutt, horns 2
a: Berserk, Trog's Hand, Burn Spellbooks, Renounce Religion


You were on level 2 of the Dungeon.
You worshipped Trog.
Trog was pleased with you.
You were not hungry.

You visited 1 branch of the dungeon, and saw 2 of its levels.

You collected 85 gold pieces.

Inventory:

Hand Weapons
 a - a +0 spear (weapon)
Missiles
 d - 37 arrows (quivered)
Armour
 b - a +0 animal skin (worn)
Jewellery
 h - a cursed amulet of inaccuracy (around neck)
 q - a cursed ring of loudness (left hand)
Wands
 r - a wand of lightning (2/15)
Scrolls
 e - a scroll of identify {unknown}
 m - 3 scrolls of teleportation {unknown}
 n - a scroll of remove curse {unknown}
Potions
 f - a potion of brilliance {unknown}
 i - 2 potions of lignification {unknown}
 j - a potion of mutation {unknown}
 l - 2 potions of ambrosia {unknown}
 p - a potion of curing {unknown}
 t - a potion of might {unknown}
Comestibles
 c - a bread ration
 g - a slice of pizza
 k - a beef jerky
 o - 3 meat rations
 s - a chunk of flesh


   Skills:
 + Level 4.5 Fighting
 + Level 4.7 Polearms
 + Level 4.0 Armour
 + Level 3.1 Dodging


You had 3 spell levels left.
You didn't know any spells.

Dungeon Overview and Level Annotations

Branches:
Dungeon (2/15)

Altars:


Innate Abilities, Weirdness & Mutations

You reflexively headbutt those who attack you in melee.
You have a pair of horns on your head.


Message History

You miss the sky beast. Your headbutt misses the sky beast.
The sky beast is heavily wounded.
You closely miss the sky beast.
The sky beast is heavily wounded.
The sky beast flickers out of sight!
Deactivating autopickup; reactivate with Ctrl-A.
Something completely misses you.
Your unstable footing causes you to fumble your attack.
Your unstable footing causes you to fumble your attack.
Something barely misses you.
You completely miss something.
Your unstable footing causes you to fumble your attack.
Something hits you.
* * * LOW HITPOINT WARNING * * *
Something shocks you.
* * * LOW HITPOINT WARNING * * *
You miss something. Something hits you.
* * * LOW HITPOINT WARNING * * *
Something shocks you.
You die...

.. # #.
###.#. ...#.
#<..##
#....# ##
#..†# ...
... #{######
..# ...
#@?#... ...#
...
##(##.##...#
...
#..#'#...#
....
##(......#
.)..
##(....##
.... ##.####
...# #.#
#..# #.#
#..#
#######.#


There were no monsters in sight!

Vanquished Creatures
  An ogre (D:2)
  An adder (D:2)
  A worm (D:2)
  3 giant geckos
  3 giant cockroaches (D:2)
  7 goblins
  3 hobgoblins
  3 jackals (D:2)
  4 bats
  7 kobolds
  3 rats
36 creatures vanquished.

Notes
Turn   | Place    | Note
--------------------------------------------------------------
     0 | D:1      | nikopol the Minotaur Berserker began the quest for the Orb.
     0 | D:1      | Reached XP level 1. HP: 19/19 MP: 0/0
   319 | D:1      | Reached XP level 2. HP: 27/27 MP: 1/1
  1020 | D:2      | Reached ** piety under Trog
  1042 | D:2      | Reached XP level 3. HP: 15/33 MP: 2/2
  1456 | D:2      | Noticed a sky beast
  1457 | D:2      | Noticed an ogre
  1468 | D:2      | Killed an ogre
  1468 | D:2      | Reached XP level 4. HP: 20/41 MP: 3/3
  1485 | D:2      | Slain by a sky beast

Skill      XL: |  1  2  3 |
---------------+----------+-----
Polearms       | 4 |  4.7
Fighting       | 4 |  4.5
Armour         | 3 4 |  4.0
Dodging        | 3 |  3.1

Action                   |  1- 3 |  4- 6 || total
-------------------------+-------+-------++-------
Melee: Spear             |   112 |    17 ||   129
       Headbutt          |     8 |       ||     8
Invok: Berserk           |     1 |       ||     1
  Eat: Chunk             |     2 |       ||     2
Armor: Animal skin       |     9 |     2 ||    11
Dodge: Dodged            |    54 |     5 ||    59
